[Event "*** SCC Grand Prix: Titled Tuesday Blitz"]
[Site "Chess.com"]
[Date "2020.10.13"]
[Round "3"]
[White "Gabix_94"]
[Black "RestartingChess"]
[Result "1-0"]
[WhiteElo "2790"]
[BlackElo "2538"]
[TimeControl "180+1"]
[EndTime "10:27:57 PDT"]
[Termination "Gabix_94 won on time"]

1. Nf3 Nf6 2. c4 d5 3. cxd5 Nxd5 4. e4 Nb6 5. d4 g6 6. Be2 Bg7 7. O-O O-O 8. h3 c6 9. Nc3 N8d7 10. Bf4 Nf6 11. Qc2 Be6 12. Rad1 h6 13. Rfe1 Rc8 14. b3 Qd7 15. Ne5 Qe8 16. Bf1 Nh5 17. Bh2 Nd7 18. Nf3 Nb6 19. e5 Nd5 20. Ne4 Nhf4 21. Qc1 g5 22.
Nc5 Bf5 23. Nxb7 Rc7 24. Nc5 Qc8 25. Ba6 Qb8 26. h4 g4 27. Bxf4 gxf3 28. Bxh6 fxg2 29.
Bxg7 Kxg7 30. Qg5+ Bg6 31. h5 Rh8 32. Ne6+ fxe6 33.
Qxg6+ Kf8 34. Rd3 Qb4 35. Rf3+ Nf6 36. Rd1 Rg8 37. Qh6+ Ke8 38. exf6 exf6 39. Qxf6 Re7 40. Qf4 Qb6 41. Bc4 Qd8 42. h6 Rh8 43. Qf6 1-0

[Event "*** SCC Grand Prix: Titled Tuesday Blitz"]
[Site "Chess.com"]
[Date "2020.10.13"]
[Round "3"]
[White "temus_galaktionov"]
[Black "Nikita_Klepikov"]
[Result "1-0"]
[WhiteElo "2632"]
[BlackElo "2257"]
[TimeControl "180+1"]
[EndTime "10:27:57 PDT"]
[Termination "temus_galaktionov won by resignation"]

1. d4 Nf6 2. Nf3 d6 3. c4 g6 4. Nc3 Bf5 5. h3 Ne4 6. Nxe4 Bxe4 7. Ng5 Bf5 8. g4 Bc8 9. Bg2 Bg7 10. O-O O-O 11.
f4 e6 12. e4 Nc6 13. Nf3 Rb8 14. Be3 a6 15. Rc1 Bd7 16. b3 Ne7 17. e5 Bc6 18. Qe2 b5 19. c5 dxc5 20. Rxc5 Bb7 21. Rfc1 Nd5 22. Ng5 h6 23. Ne4 Kh8 24. Bd2 Rg8 25. Qf2 Bf8 26. R5c2 Ba3 27. Rf1 Be7 28. Kh2 Bh4 29.
Qe2 Qd7 30. Nc5 Qe7 31. Nxb7 Rxb7 32. Rfc1 Rd8 33. Rc6 Ra7 34. Qe4 Qa3 35. R1c2 Qe7 36. Bf3 Kh7 37. f5 Qd7 38. f6 Rg8 39. Qe2 Rd8 40. Be4 Re8 41. Qf3 Rh8 42. Bxd5 exd5 43. Qc3 Rc8 44. Qc5 Kg8 45. Qxa7 1-0

[Event "*** SCC Grand Prix: Titled Tuesday Blitz"]
[Site "Chess.com"]
[Date "2020.10.13"]
[Round "3"]
[White "AldokhinIvan"]
[Black "PavelChernomordik"]
[Result "1-0"]
[WhiteElo "2553"]
[BlackElo "2330"]
[TimeControl "180+1"]
[EndTime "10:28:02 PDT"]
[Termination "AldokhinIvan won by resignation"]

1. e4 g6 2. d4 Bg7 3. Nc3 d6 4. Bg5 h6 5. Bh4 c5 6. d5 Nf6 7. f4 Nfd7 8. Nf3 Qa5 9. Qd2 a6 10. Be2 b5 11. O-O c4 12. e5 dxe5 13. fxe5 Nxe5 14.
Nxe5 Bxe5 15. Bf3 Qb6+ 16. Kh1 g5 17. Bf2 Qd6 18. Ne4 Qc7 19. d6 exd6 20. Nxd6+ Qxd6 21. Qxd6 Bxd6 22. Bxa8 O-O 23. Rad1 Be5 24. Bd4 Bxd4 25. Rxd4 Be6 26. Bd5 Bxd5 27. Rxd5 Nc6 28. c3 Re8 29. Rd6 Re6 30. Rxe6 fxe6 31. Rd1 Kf7 32. Rd6 Ne5 33. Rxa6 Nd3 34. Rb6 Nxb2 35. Rxb5 Na4 36. Rb4 Nxc3 37. a4 Nd5 38. Rxc4 Ke7 39. a5 Kd7 40. a6 Nb6 41. a7 Na8 42. g4 e5 43.
Kg2 1-0

[Event "*** SCC Grand Prix: Titled Tuesday Blitz"]
[Site "Chess.com"]
[Date "2020.10.13"]
[Round "3"]
[White "PSvidler"]
[Black "mitrabhaa"]
[Result "1-0"]
[WhiteElo "2905"]
[BlackElo "2672"]
[TimeControl "180+1"]
[EndTime "10:28:03 PDT"]
[Termination "PSvidler won by resignation"]

1. e4 c6 2. d4 d5 3. e5 Bf5 4. Nd2 e6 5. Nb3 Nd7 6. Nf3 Ne7 7. Be2 Qc7 8. O-O Nc8 9. a4 Ncb6 10. a5 Nc4 11.
Bd3 Bg6 12. Qe2 b5 13. axb6 Ndxb6 14. Nc5 Bxc5 15. dxc5 Nd7 16. Bxc4 dxc4 17. Rd1 O-O 18. h3 h6 19. Rd6 Nxc5 20. Qxc4 Nb7 21. Rxc6 Qd8 22. Bd2 Bh5 23. Nd4 a5 24. Be3 Qb8 25. Qb5 Nd8 26. Rb6 Qa7 27. Nb3 a4 28. Nc5 Be2 29. Qb4 Qc7 30. Rd6 Nc6 31. Qc3 Ne7 32. Rd7 1-0

[Event "*** SCC Grand Prix: Titled Tuesday Blitz"]
[Site "Chess.com"]
[Date "2020.10.13"]
[Round "3"]
[White "bratkoo"]
[Black "MariaFominykh"]
[Result "1-0"]
[WhiteElo "2538"]
[BlackElo "2305"]
[TimeControl "180+1"]
[EndTime "10:28:04 PDT"]
[Termination "bratkoo won on time"]

1. e4 e6 2. d4 d5 3. Nd2 dxe4 4. Nxe4 Nf6 5. Nxf6+ Qxf6 6. Nf3 h6 7. Be2 c5 8. O-O Nc6 9. d5 exd5 10. Qxd5 Be6 11.
Qe4 Qf5 12. Qe3 Be7 13. Bd3 Qh5 14. b3 O-O 15. Bb2 Nb4 16. Be4 Nd5 17. Bxd5 Qxd5 18. Rad1 Qf5 19. h3 Qxc2 20. Rd2 Qf5 21. g4 Qh7 22.
Rfd1 h5 23. Ng5 Bxg5 24. Qxg5 hxg4 25. hxg4 f6 26. Qf4 Qg6 27. f3 Rac8 28. Re1 Rfe8 29. Kf2 c4 30. Rde2 Qf7 31. bxc4 Rxc4 32. Qxc4 Bxc4 33.
Rxe8+ Kh7 34. f4 Bd5 35. R1e3 g5 36. Rh3+ Kg7 37. Reh8 1-0

[Event "*** SCC Grand Prix: Titled Tuesday Blitz"]
[Site "Chess.com"]
[Date "2020.10.13"]
[Round "3"]
[White "Tayson_7"]
[Black "Snegokhod"]
[Result "1-0"]
[WhiteElo "2604"]
[BlackElo "2407"]
[TimeControl "180+1"]
[EndTime "10:28:06 PDT"]
[Termination "Tayson_7 won by checkmate"]

1. e4 c5 2. Nf3 d6 3. d4 cxd4 4. Nxd4 Nf6 5. f3 e5 6. Nb3 d5 7.
Bg5 d4 8. c3 Nc6 9. Bb5 Be7 10.
cxd4 exd4 11. Qxd4 Bd7 12. Bxc6 Bxc6 13. Qxd8+ Rxd8 14. Nc3 h6 15. Be3 a6 16. Rd1 O-O 17. Ke2 Bb4 18.
Rxd8 Rxd8 19. Rd1 Rxd1 20. Kxd1 Bxc3 21. bxc3 Bb5 22. Ke1 Bc4 23. Na5 Bxa2 24. Nxb7 Nd7 25. Bd4 f6 26. Na5 Kf7 27. c4 Ke6 28. Kd2 Bb1 29.
Kc3 g6 30. c5 f5 31. c6 Nf8 32.
Bc5 Nh7 33. Nc4 fxe4 34. Nb6 Ke5 35. c7 exf3 36. c8=Q fxg2 37. Qe8+ Kf5 38. Nc4 Ng5 39. Qe5+ Kg4 40. Qg3+ Kf5 41. Qe5+ Kg4 42. Ne3+ Kf3 43. Qg3+ Ke2 44. Qxg2+ Ke1 45. Qf1# 1-0

[Event "*** SCC Grand Prix: Titled Tuesday Blitz"]
[Site "Chess.com"]
[Date "2020.10.13"]
[Round "3"]
[White "GrigorGrigorov"]
[Black "Sergey85Rodchenkov"]
[Result "1-0"]
[WhiteElo "2806"]
[BlackElo "2457"]
[TimeControl "180+1"]
[EndTime "10:28:07 PDT"]
[Termination "GrigorGrigorov won by resignation"]

1. Nf3 Nf6 2. c4 b6 3. g3 Bb7 4. Bg2 e6 5. d4 Be7 6. O-O O-O 7. Nc3 Na6 8. d5 Bb4 9. Nd4 Bxc3 10. bxc3 Nc5 11. Nb3 d6 12. Nxc5 bxc5 13. dxe6 Bxg2 14. exf7+ Rxf7 15. Kxg2 Qe8 16. f3 Qc6 17. Qd3 Re8 18.
e4 h6 19. Bd2 Nd7 20. Qd5 Qa6 21. Bf4 Nb6 22. Qc6 Ree7 23. Qb5 Qc8 24. a4 Qe6 25. a5 Nxc4 26. Qb8+ Re8 27. Qxa7 g5 28. Bc1 g4 29. Qb7 gxf3+ 30. Rxf3 Rxf3 31. Kxf3 Rf8+ 32. Kg2 Qf6 33. Qd5+ Kh7 34. Bf4 Qxc3 35. Rc1 Rxf4 36. Rxc3 Ne3+ 37. Rxe3 1-0

[Event "*** SCC Grand Prix: Titled Tuesday Blitz"]
[Site "Chess.com"]
[Date "2020.10.13"]
[Round "3"]
[White "BJthechessgod"]
[Black "pfalcon1949"]
[Result "1-0"]
[WhiteElo "2259"]
[BlackElo "1940"]
[TimeControl "180+1"]
[EndTime "10:28:07 PDT"]
[Termination "BJthechessgod won on time"]

1. e4 c6 2. d4 d5 3. Nc3 dxe4 4.
Nxe4 Nf6 5. Nxf6+ exf6 6. c3 Bd6 7. Bd3 O-O 8. Qc2 h5 9. Ne2 Nd7 10. Be3 Re8 11. O-O-O Nf8 12. Ng3 g6 13. Bh6 f5 14.
Rde1 Be6 15. Kb1 Qa5 16. b3 Rac8 17. c4 Nh7 18. Ne2 Bb4 19. Rd1 b5 20. c5 Bd5 21.
Nf4 Be4 22. f3 Bxd3 23. Nxd3 Ba3 24. g4 fxg4 25. fxg4 hxg4 26. Ne5 Re6 27. Rhf1 f5 28. Nxg6 Rce8 29. Qxf5 Rf6 30. Ne7+ Rxe7 31. Qc8+ Kf7 32. Rxf6+ Nxf6 33. Qf8+ Ke6 34. Bg5 Rf7 35. Qc8+ Nd7 36. Qe8+ Kf5 37. Qxf7+ Kxg5 38. h4+ gxh3 39. Rg1+ 1-0

[Event "*** SCC Grand Prix: Titled Tuesday Blitz"]
[Site "Chess.com"]
[Date "2020.10.13"]
[Round "3"]
[White "UmarovSabir"]
[Black "louis198"]
[Result "0-1"]
[WhiteElo "2371"]
[BlackElo "2572"]
[TimeControl "180+1"]
[EndTime "10:28:09 PDT"]
[Termination "louis198 won on time"]

1. e4 e6 2. d4 d5 3. Nd2 Nf6 4. Bd3 c5 5. Ngf3 c4 6. e5 cxd3 7. exf6 dxc2 8. Qxc2 gxf6 9. O-O Nc6 10. Re1 Bg7 11. Nf1 O-O 12. Ng3 f5 13. Nh5 Nxd4 14.
Nxd4 Bxd4 15. Bh6 Qh4 16. Bxf8 Kxf8 17. Qd2 Bxf2+ 18. Qxf2 Qxh5 19. Qc5+ Kg8 20. Qe7 b6 21. Re3 f4 22. Rh3 Qf5 23. Rh6 Kg7 24. Qh4 f6 25. Rh5 Qg6 26. Rf1 e5 27. g3 Bg4 0-1

[Event "*** SCC Grand Prix: Titled Tuesday Blitz"]
[Site "Chess.com"]
[Date "2020.10.13"]
[Round "3"]
[White "zurzan"]
[Black "zverr1"]
[Result "1-0"]
[WhiteElo "1997"]
[BlackElo "2456"]
[TimeControl "180+1"]
[EndTime "10:28:09 PDT"]
[Termination "zurzan won by resignation"]

1. f4 e5 2. fxe5 d6 3. exd6 Bxd6 4. Nf3 Bg4 5. e3 Nc6 6. Nc3 Nf6 7. Be2 Qd7 8. d4 Bb4 9. O-O O-O 10. Ne5 Nxe5 11. dxe5 Qxd1 12. Bxd1 Bxc3 13. exf6 Bxd1 14. bxc3 Bxc2 15.
fxg7 Rfe8 16. Re1 Rad8 17. c4 c5 18. Bb2 Re4 19. Bf6 Rde8 20. Rac1 Rxc4 21. e4 Rcxe4 22.
Rxe4 Bxe4 23. Rxc5 Bd3 24. g4 b6 25. Rc7 h6 26. h4 a5 27. g5 hxg5 28. hxg5 a4 29.
Kf2 b5 30. Rc3 Bc4 31. Rh3 Re2+ 32. Kf3 Rh2 33. Rxh2 1-0

[Event "*** SCC Grand Prix: Titled Tuesday Blitz"]
[Site "Chess.com"]
[Date "2020.10.13"]
[Round "3"]
[White "GAusal"]
[Black "Ave_Mariia"]
[Result "0-1"]
[WhiteElo "2024"]
[BlackElo "2490"]
[TimeControl "180+1"]
[EndTime "10:28:10 PDT"]
[Termination "Ave_Mariia won by resignation"]

1. d4 Nf6 2. Bf4 g6 3. Qd2 Bg7 4. h4 c5 5. Nf3 cxd4 6. Nxd4 Nc6 7. Nxc6 bxc6 8. Nc3 d5 9. e3 O-O 10. Bd3 Nh5 11. Bh2 e5 12. O-O-O Qe7 13. Be2 Nf6 14.
Bg3 h5 15. f3 Rb8 16. b3 Bh6 17.
Kb1 d4 18. Ne4 Nxe4 19. fxe4 Bxe3 20. Qd3 c5 21. Rhf1 Be6 22. Qa6 f6 23. Bc4 Rb6 24. Qa4 Bxc4 25. Qxc4+ Kg7 26. Bf2 Bxf2 27. Rxf2 Rb4 28.
Qa6 c4 29. g4 hxg4 30. h5 gxh5 31. Rf5 Kg6 32. Rh1 Rh8 33. Rhf1 Rb6 34. Qxc4 Qe6 35.
Rxf6+ Qxf6 36. Rxf6+ Rxf6 37. Qd5 Re8 38. Qc4 h4 39. Qe2 Kg5 40. c4 g3 41. Qg2 Ref8 42.
c5 Rf1+ 43. Kb2 R1f2+ 0-1

[Event "*** SCC Grand Prix: Titled Tuesday Blitz"]
[Site "Chess.com"]
[Date "2020.10.13"]
[Round "3"]
[White "Ranindu2003"]
[Black "Piotrek1979"]
[Result "0-1"]
[WhiteElo "2610"]
[BlackElo "2433"]
[TimeControl "180+1"]
[EndTime "10:28:12 PDT"]
[Termination "Piotrek1979 won by checkmate"]

1. e4 c5 2. Nf3 Nc6 3. d4 cxd4 4. Nxd4 Nf6 5. Nc3 e5 6. Ndb5 d6 7. Bg5 a6 8. Na3 b5 9. Nd5 Be7 10. Bxf6 Bxf6 11. c3 Bg5 12. Nc2 Rb8 13. a4 bxa4 14. Ncb4 Nxb4 15. cxb4 O-O 16. Rxa4 a5 17. b5 Bd7 18. Nc3 d5 19. exd5 f5 20. Bc4 e4 21.
O-O Kh8 22. d6 Rf6 23. Qa1 Bf4 24. g3 Rh6 25. Rxa5 Be5 26. Qa3 Bxd6 27. Qa2 Bc5 28. Rd1 Qe8 29. Bd5 Bxf2+ 30. Kxf2 Rxh2+ 31. Ke3 Qh5 32. Ra8 Qh6+ 33. Kd4 Qb6+ 34. Kc4 Bxb5+ 35. Nxb5 Qxb5+ 36. Kc3 Qb4# 0-1

[Event "*** SCC Grand Prix: Titled Tuesday Blitz"]
[Site "Chess.com"]
[Date "2020.10.13"]
[Round "3"]
[White "semchik73"]
[Black "nochewycandy"]
[Result "0-1"]
[WhiteElo "2345"]
[BlackElo "2556"]
[TimeControl "180+1"]
[EndTime "10:28:12 PDT"]
[Termination "nochewycandy won by resignation"]

1. Nf3 Nf6 2. c4 e6 3. d4 d5 4. Nc3 Bb4 5. e3 O-O 6. Bd3 c5 7. O-O Bxc3 8. bxc3 Qa5 9. Bd2 dxc4 10. Bxc4 b6 11. Bd3 Ba6 12. c4 Qa3 13. Qc2 cxd4 14.
exd4 Nc6 15. Rab1 h6 16. d5 exd5 17. Rb3 Qd6 18. cxd5 Bxd3 19. Rxd3 Ne7 20. Qb3 Nexd5 21.
Rd1 Rfd8 22. Bb4 Qe6 23. Nd4 Qe4 24. f3 Qg6 25. Nc6 Rd7 26. Rxd5 Nxd5 27. Rxd5 Qxc6 28. Rf5 Re8 29. h3 Qe6 30. Qc2 Rd1+ 31. Kh2 Rd5 32. Rf4 Qe5 33. Bc3 Qxf4+ 0-1

[Event "*** SCC Grand Prix: Titled Tuesday Blitz"]
[Site "Chess.com"]
[Date "2020.10.13"]
[Round "3"]
[White "BilodeauA"]
[Black "deribas12345"]
[Result "1-0"]
[WhiteElo "2920"]
[BlackElo "2690"]
[TimeControl "180+1"]
[EndTime "10:28:14 PDT"]
[Termination "BilodeauA won by resignation"]

1. e4 e6 2. d4 d5 3. Nd2 Nf6 4. e5 Ne4 5. Bd3 Nxd2 6. Bxd2 c5 7. c3 Nc6 8. Nf3 Qb6 9. O-O cxd4 10. cxd4 Bd7 11.
Bc3 Bb4 12. Qd2 h6 13. Rac1 Bxc3 14. Qxc3 Rc8 15. Qd2 a6 16. h3 Ne7 17. Rxc8+ Bxc8 18. Rc1 Bd7 19. a3 O-O 20. Rc5 Rc8 21. b4 Rxc5 22. dxc5 Qc7 23. Qe3 Nc6 24. Bb1 Be8 25. h4 Ne7 26. h5 a5 27. Qd3 axb4 28. axb4 b6 29. Qh7+ Kf8 30. Qh8+ Ng8 31. Bh7 Ke7 32. Bxg8 bxc5 33.
bxc5 Qxc5 34. Qxg7 Qc1+ 35. Kh2 Qf4+ 36. Qg3 Qc1 37. Qh4+ Kd7 38. Qf6 1-0

[Event "*** SCC Grand Prix: Titled Tuesday Blitz"]
[Site "Chess.com"]
[Date "2020.10.13"]
[Round "3"]
[White "kingofthenil"]
[Black "ftorodent"]
[Result "0-1"]
[WhiteElo "2443"]
[BlackElo "2693"]
[TimeControl "180+1"]
[EndTime "10:28:14 PDT"]
[Termination "ftorodent won by resignation"]

1. e4 c5 2. d3 Nc6 3. g3 g6 4.
Bg2 Bg7 5. f4 d6 6. Nf3 e6 7.
O-O Nge7 8. c3 e5 9. Be3 Bg4 10.
Nbd2 O-O 11. h3 Bd7 12. g4 exf4 13. Bxf4 d5 14. Kh1 d4 15. cxd4 Nxd4 16. Nxd4 Bxd4 17.
Nf3 Bg7 18. Qd2 Nc6 19. Rac1 b6 20. Bg5 Qe8 21. Rce1 Qe6 22. b3 a5 23. Bh6 f6 24. Be3 a4 25. d4 cxd4 26. Nxd4 Nxd4 27. Qxd4 axb3 28. axb3 Ra3 29. Qb4 Rxb3 30. Qd2 Bc6 31. Bd4 Rd8 32. Qf2 Bb5 33. Bxf6 Bxf1 34. Bxd8 Bxg2+ 35. Kxg2 Qc4 36. Re2 Qd3 37. Bc7 Qxh3+ 38. Kg1 Rb1+ 39.
Re1 Rxe1+ 0-1

[Event "*** SCC Grand Prix: Titled Tuesday Blitz"]
[Site "Chess.com"]
[Date "2020.10.13"]
[Round "3"]
[White "UCantHandleDenker"]
[Black "mapleaff"]
[Result "1-0"]
[WhiteElo "2554"]
[BlackElo "2342"]
[TimeControl "180+1"]
[EndTime "10:28:14 PDT"]
[Termination "UCantHandleDenker won by checkmate"]

1. Nf3 Nf6 2. g3 e6 3. Bg2 d5 4.
O-O Be7 5. d3 O-O 6. Nbd2 d4 7.
c3 c5 8. cxd4 cxd4 9. Nc4 Nc6 10. a4 a5 11. Bf4 Nd5 12. Bd2 Bb4 13. Rc1 Qe7 14. Nfe5 Nxe5 15. Nxe5 Bd7 16. Bxd5 exd5 17. Nxd7 Bxd2 18. Nxf8 Bxc1 19. Qxc1 Rxf8 20. Qc2 Re8 21. Re1 h5 22. h4 Qb4 23. Rc1 g6 24. Kf1 Re6 25.
Qc8+ Kg7 26. Rc7 Rf6 27. Rxb7 Qxa4 28. Rb8 Qd1+ 29. Kg2 g5 30. Qg8+ Kh6 31. hxg5# 1-0

[Event "*** SCC Grand Prix: Titled Tuesday Blitz"]
[Site "Chess.com"]
[Date "2020.10.13"]
[Round "3"]
[White "anon569"]
[Black "SabKaD4ddy"]
[Result "1-0"]
[WhiteElo "2263"]
[BlackElo "2505"]
[TimeControl "180+1"]
[EndTime "10:28:14 PDT"]
[Termination "anon569 won by resignation"]

1. e4 c5 2. Nf3 d6 3. d4 cxd4 4. Nxd4 Nf6 5. Nc3 a6 6. Bg5 e6 7. f4 Be7 8. Qf3 h6 9. Bh4 Qc7 10. O-O-O Nbd7 11. g4 g5 12. e5 dxe5 13. fxg5 hxg5 14.
Bg3 Qc5 15. Nb3 Qb4 16. Be2 e4 17. Qe3 Qb6 18. Qxg5 Nd5 19. Qd2 Nxc3 20. Qxc3 Bf6 21. Qd2 e3 22. Qd3 Ne5 23. Qe4 Qc6 24. Qf4 Bg7 25. Rhf1 Rf8 26. Qxe3 Bd7 27. Bxe5 Bxe5 28. Qxe5 Rc8 29. Rd2 b5 1-0

[Event "*** SCC Grand Prix: Titled Tuesday Blitz"]
[Site "Chess.com"]
[Date "2020.10.13"]
[Round "3"]
[White "PawnEatingZombie"]
[Black "davigator"]
[Result "0-1"]
[WhiteElo "2182"]
[BlackElo "2350"]
[TimeControl "180+1"]
[EndTime "10:28:16 PDT"]
[Termination "davigator won on time"]

1. d4 Nf6 2. c4 e6 3. Nc3 Bb4 4. Qc2 d5 5. cxd5 exd5 6. Bf4 c6 7.
e3 O-O 8. Bd3 Re8 9. Ne2 a5 10.
O-O Nbd7 11. h3 Nf8 12. a3 Bd6 13. Bg5 h6 14. Bh4 Qe7 15. Rae1 g5 16. Bg3 Bxg3 17. Nxg3 h5 18. e4 dxe4 19. Ngxe4 Nxe4 20. Rxe4 Qd8 21. Rfe1 Be6 22. Qe2 h4 23. f4 f5 24. Rxe6 Nxe6 25. Bc4 Qxd4+ 26. Kh1 Qf6 27. Bxe6+ Kg7 28. fxg5 Qxg5 29.
Qf2 Re7 30. Re2 Rae8 31. Bc4 Re3 32. Rxe3 Rxe3 33. Nd1 Re4 34. Bd3 Rf4 35. Qe2 Qf6 36. Nc3 Rd4 37. Bc2 Qd6 38. Qh5 Qf6 0-1

[Event "*** SCC Grand Prix: Titled Tuesday Blitz"]
[Site "Chess.com"]
[Date "2020.10.13"]
[Round "3"]
[White "Lenyas66"]
[Black "stefy02"]
[Result "1-0"]
[WhiteElo "2352"]
[BlackElo "2192"]
[TimeControl "180+1"]
[EndTime "10:28:19 PDT"]
[Termination "Lenyas66 won by checkmate"]

1. d4 Nf6 2. Bg5 e6 3. e4 Be7 4. Bd3 b6 5. Nd2 Bb7 6. Ngf3 h6 7. Bh4 d6 8. c3 Nbd7 9. h3 c5 10. O-O O-O 11. Re1 d5 12. e5 Ne8 13. Bg3 g6 14. Nf1 Ng7 15. Bh2 a5 16. a3 Ba6 17. Bb1 a4 18. Ne3 cxd4 19. cxd4 b5 20. Qd2 h5 21. g4 h4 22. Ng2 g5 23. Qc2 f5 24. exf6 Bxf6 25.
Qh7+ Kf7 26. Bd6 e5 27. dxe5 Be7 28. Qg6+ Kg8 29. Bxe7 Qxe7 30. Nxg5 Qc5 31. Qh7# 1-0

[Event "*** SCC Grand Prix: Titled Tuesday Blitz"]
[Site "Chess.com"]
[Date "2020.10.13"]
[Round "3"]
[White "gm_rashid"]
[Black "RamyresCoelho"]
[Result "0-1"]
[WhiteElo "2285"]
[BlackElo "2069"]
[TimeControl "180+1"]
[EndTime "10:28:19 PDT"]
[Termination "RamyresCoelho won on time"]

1. e4 c5 2. Nf3 d6 3. d4 cxd4 4. Nxd4 Nf6 5. Nc3 a6 6. f4 e6 7. Be2 Be7 8. O-O b5 9. a3 Bb7 10. Bf3 Qc7 11. Kh1 Nbd7 12. Qe2 Rc8 13. g4 h6 14. Bd2 Nb6 15. Rae1 Nc4 16. Bc1 Qc5 17. Nb3 Qc7 18. Qg2 Kf8 19. f5 e5 20. g5 hxg5 21. Qxg5 Nxe4 22. Qg2 Nxc3 23. Bxb7 Rb8 24.
Bxa6 Na4 25. Rg1 Bf6 26. Nd2 Nxd2 27. Bxd2 Nxb2 28. Bb4 Nc4 29. a4 bxa4 30. Bxc4 Rxb4 31. Qa8+ Rb8 32. Qd5 Qb7 33. Rb1 Qxd5+ 34. Bxd5 Rxb1 35. Rxb1 g5 36. Rb7 Rh7 37. Ra7 Be7 38. Rxa4 Kg7 39.
Ra7 Kf6 40. c4 Rh8 0-1

[Event "*** SCC Grand Prix: Titled Tuesday Blitz"]
[Site "Chess.com"]
[Date "2020.10.13"]
[Round "3"]
[White "ChessWarrior7197"]
[Black "wannabe2700"]
[Result "1-0"]
[WhiteElo "3032"]
[BlackElo "2723"]
[TimeControl "180+1"]
[EndTime "10:28:21 PDT"]
[Termination "ChessWarrior7197 won on time"]

1. e4 c6 2. d4 d5 3. exd5 cxd5 4. Bd3 Nc6 5. c3 Nf6 6. Bf4 Bg4 7. Qb3 Qd7 8. Nd2 e6 9. Ngf3 Bd6 10. Bxd6 Qxd6 11. O-O O-O 12. Rae1 Ne7 13. Ne5 Bf5 14. f4 Bxd3 15.
Nxd3 Nf5 16. Ne5 Qc7 17. Qd1 b5 18. Rf3 Nd6 19. Rh3 g6 20. Ndf3 Nfe4 21. Ng5 Nxg5 22.
fxg5 Ne4 23. Qg4 f5 24. gxf6 Rxf6 25. Rf3 Raf8 26. Ref1 Qe7 27. h4 a6 28. h5 g5 29.
h6 Rxf3 30. Rxf3 Rxf3 31. gxf3 Nd6 32. f4 Nf7 33. Nxf7 Kxf7 34. Qh5+ Kf8 35. fxg5 Qf7 36. Qg4 Ke7 37. g6 hxg6 38. Qh4+ 1-0

[Event "*** SCC Grand Prix: Titled Tuesday Blitz"]
[Site "Chess.com"]
[Date "2020.10.13"]
[Round "3"]
[White "markberk"]
[Black "PetrolulSah"]
[Result "1-0"]
[WhiteElo "2412"]
[BlackElo "2172"]
[TimeControl "180+1"]
[EndTime "10:28:21 PDT"]
[Termination "markberk won by resignation"]

1. Nf3 Nf6 2. g3 g6 3. Bg2 Bg7 4. O-O O-O 5. d4 d5 6. c4 dxc4 7. Na3 Na6 8. Nxc4 c5 9. dxc5 Be6 10. Nfe5 Nxc5 11. Be3 Rc8 12. Rc1 Bd5 13. f3 b5 14. Na3 Na4 15. Qd2 Bxa2 16. Rxc8 Qxc8 17. Nxb5 Ne4 18. Qb4 Bxe5 19. Qxa4 Nxg3 20. hxg3 Bc4 21. Rc1 Bxb5 22. Qxb5 Qe6 23. Bf2 Rb8 24. Qc4 Qxc4 25.
Rxc4 Rxb2 26. Bf1 a5 27. Rc5 Bd6 28. Rxa5 Kg7 29. Bd4+ 1-0

[Event "*** SCC Grand Prix: Titled Tuesday Blitz"]
[Site "Chess.com"]
[Date "2020.10.13"]
[Round "3"]
[White "Omk124"]
[Black "jamalm2"]
[Result "1-0"]
[WhiteElo "2479"]
[BlackElo "1780"]
[TimeControl "180+1"]
[EndTime "10:28:22 PDT"]
[Termination "Omk124 won on time"]

1. e4 c5 2. Nf3 e6 3. d4 cxd4 4. Nxd4 a6 5. c4 Qc7 6. Nc3 Nf6 7. Be2 b6 8. a3 Bb7 9. Be3 Nxe4 10. Nxe4 Bxe4 11. O-O Be7 12. Rc1 O-O 13. Bf3 Bxf3 14. Qxf3 Nc6 15. Nb5 Qb7 16. Rfd1 axb5 17. cxb5 Na5 18.
Qxb7 Nxb7 19. Rxd7 Bc5 20. Rxb7 Bxe3 21. fxe3 Rab8 22. Rxb8 Rxb8 23. Rc6 Kf8 24. Kf2 Ke7 25. Rc7+ Kf6 26. a4 g6 27. Ke2 e5 28. b3 Ke6 29. e4 h5 30. h4 f5 31. Rc6+ Kf7 32.
exf5 gxf5 33. Rh6 e4 34. Rxh5 Kg6 35. Rg5+ Kf6 36. g4 fxg4 37. Rxg4 Kf5 38. Rg5+ Kf4 39. Rg6 Rh8 40. Rf6+ Ke5 41. Rxb6 Rxh4 42. Rb8 Rh2+ 43. Ke3 Rh3+ 44. Ke2 Rxb3 45. a5 Kd4 46. a6 Rb2+ 47.
Kd1 Ra2 48. b6 Rxa6 49. b7 Ra1+ 50. Kc2 Ke3 51. Re8 Ra2+ 52. Kb1 1-0

[Event "*** SCC Grand Prix: Titled Tuesday Blitz"]
[Site "Chess.com"]
[Date "2020.10.13"]
[Round "3"]
[White "tdf98pantani"]
[Black "GHANDEEVAM2003"]
[Result "1/2-1/2"]
[WhiteElo "2738"]
[BlackElo "3058"]
[TimeControl "180+1"]
[EndTime "10:28:23 PDT"]
[Termination "Game drawn by repetition"]

1. e4 e6 2. d4 d5 3. Nd2 c5 4. exd5 Qxd5 5. Ngf3 cxd4 6. Bc4 Qd6 7. O-O Nf6 8. Nb3 Nc6 9. Nbxd4 Nxd4 10. Nxd4 a6 11. c3 Qc7 12. Bd3 Bd6 13. Bg5 Bxh2+ 14. Kh1 Be5 15. Qf3 h6 16. Bh4 Bd7 17. Rfe1 O-O-O 18. Bxa6 Bxd4 19. cxd4 Bc6 20. d5 Rxd5 21. Bxf6 gxf6 22. Bf1 Rg8 23. Rac1 Rgg5 24. Kg1 Rh5 25. g3 Rc5 26. Rxc5 Bxf3 27. Rxc7+ Kxc7 28. Bg2 Bxg2 29. Kxg2 Rc5 30. Re4 h5 31. Rb4 b5 32. a4 bxa4 33.
Rxa4 Kd6 34. Ra7 Rb5 35. Rxf7 f5 36. Rh7 Rxb2 37. Rxh5 Ke5 38. Rh4 Re2 39. Kf3 Ra2 40. Rb4 Ra3+ 41. Ke2 Ra2+ 42. Ke3 Ra3+ 43. Ke2 Ra2+ 44.
Ke3 Ra3+ 45. Ke2 1/2-1/2

[Event "*** SCC Grand Prix: Titled Tuesday Blitz"]
[Site "Chess.com"]
[Date "2020.10.13"]
[Round "3"]
[White "Margarita2907"]
[Black "redbaron8888"]
[Result "0-1"]
[WhiteElo "2183"]
[BlackElo "2507"]
[TimeControl "180+1"]
[EndTime "10:28:23 PDT"]
[Termination "redbaron8888 won by checkmate"]

1. e4 c5 2. Nf3 d6 3. d4 cxd4 4. Nxd4 Nf6 5. Nc3 a6 6. Be3 e5 7. Nb3 Be6 8. f3 h5 9. Qd2 Nbd7 10. O-O-O b5 11. Nd5 Bxd5 12. exd5 Nb6 13. Bxb6 Qxb6 14. Kb1 Be7 15. Be2 Rc8 16. g4 hxg4 17. fxg4 Ne4 18.
Qb4 Nf2 19. a4 Nxh1 20. Rxh1 Qf2 21. Bd3 Rxh2 22. Rf1 Qh4 23. axb5 axb5 24. Qxb5+ Kf8 25. Qd7 Rd8 26. Qf5 Bf6 27. Na5 Rh1 28. Nb7 Rxf1+ 29.
Qxf1 Rb8 30. Nxd6 e4 31. Nxe4 Bxb2 32. Nd6 Qe7 33. Nf5 Bf6+ 34. Kc1 Bg5+ 35. Kd1 Rb1# 0-1

[Event "*** SCC Grand Prix: Titled Tuesday Blitz"]
[Site "Chess.com"]
[Date "2020.10.13"]
[Round "3"]
[White "northridgehawk"]
[Black "peixe64"]
[Result "0-1"]
[WhiteElo "2212"]
[BlackElo "2360"]
[TimeControl "180+1"]
[EndTime "10:28:25 PDT"]
[Termination "peixe64 won by checkmate"]

1. e4 e5 2. Bc4 Nf6 3. Nc3 c6 4.
Qf3 Be7 5. Nge2 O-O 6. O-O d6 7. h3 Be6 8. Bb3 Bxb3 9. axb3 Nbd7 10. d4 Re8 11. Rd1 Qc7 12. Be3 a6 13. Ng3 Bf8 14. Nf5 Rad8 15. Bg5 Rc8 16. Rd3 h6 17. Bh4 Re6 18.
Rad1 g6 19. Ng3 g5 20. d5 cxd5 21. exd5 Ree8 22. Nce4 Nxe4 23. Nxe4 gxh4 24. Qh5 Bg7 25.
Rf3 Rf8 26. Rf5 Qxc2 27. Re1 Qxb3 28. Re3 Qxb2 29. Nxd6 Rc1+ 30. Kh2 Qb1 31. g3 Rh1+ 32. Kg2 Qf1+ 33. Kf3 e4+ 34. Nxe4 Qd1+ 35. Kf4 Qxh5 36.
Rxh5 hxg3 37. Nxg3 Rd1 38. Re7 Rd4+ 39. Kf3 Ne5+ 40.
Kg2 Ng6 41. Rxb7 Nf4+ 42. Kf3 Nxh5 43. Nxh5 Rxd5 44. Nf4 Rf5 45. Kg4 Rb5 46. Ra7 Rb4 47. Kf5 Rc8 48. Nh5 Rc5# 0-1